[Event "Early-Titled-Tuesday-Blitz-September-12-2023"]
[Site "Chess.com"]
[Date "2023.09.12"]
[Round "7"]
[White "artin10862"]
[Black "chessdjw"]
[Result "1-0"]
[WhiteElo "2950"]
[BlackElo "2761"]
[TimeControl "180+1"]
[EndTime "9:17:52 PDT"]
[Termination "artin10862 won by resignation"]

1. d4 Nf6 2. c4 e6 3. Nf3 b6 4. a3 Bb7 5. Nc3 d5 6. cxd5 Nxd5 7. Qc2 c5 8. e4 Nxc3 9. bxc3 Nd7 10. Bd3 Qc8 11.
O-O cxd4 12. cxd4 Qxc2 13. Bxc2 Rc8 14. Ba4 a6 15. Re1 b5 16. Bb3 Rc3 17. Rb1 Bd6 18.
Bd2 Rc8 19. e5 Bxa3 20. d5 Nc5 21. dxe6 Nxe6 22. Ng5 Nxg5 23. Bxg5 Be7 24. h4 Bxg5 25. hxg5 Ke7 26. e6 f6 27. Rbd1 Rcd8 28. gxf6+ gxf6 29. Rc1 Rc8 30. Rcd1 Rhd8 31. Rd7+ Rxd7 32. exd7+ Kxd7 33. Be6+ Kd6 34. Bxc8 Bxc8 35. Ra1 b4 36. Kf1 Kc5 37. Ke1 b3 38. Rc1+ Kb4 39. Rxc8 b2 40. Kd2 Kb3 41.
Rb8+ Ka2 42. Kc2 1-0

[Event "Early-Titled-Tuesday-Blitz-September-12-2023"]
[Site "Chess.com"]
[Date "2023.09.12"]
[Round "7"]
[White "Al_Shima"]
[Black "EvgenyBurmakin"]
[Result "1-0"]
[WhiteElo "2336"]
[BlackElo "2270"]
[TimeControl "180+1"]
[EndTime "9:17:52 PDT"]
[Termination "Al_Shima won on time"]

1. b3 e5 2. Bb2 Nc6 3. e3 a6 4. Nf3 e4 5. Nd4 Nxd4 6. Bxd4 c5 7. Bb2 d5 8. d3 Nf6 9. Nd2 exd3 10. Bxd3 Bd6 11. c4 Be6 12. cxd5 Bxd5 13. e4 Bc6 14. e5 Bxe5 15. Qe2 O-O 16. Bxe5 Re8 17. O-O-O Rxe5 18. Qxe5 Qxd3 19. Nc4 Qg6 20. Qg3 Qxg3 21.
hxg3 Bxg2 22. Rhe1 b5 23. Ne3 Bf3 24. Rd2 g6 25.
Rc2 Rc8 26. Kb2 Kg7 27. Rec1 Ne4 28. Nf1 Bg4 29. Nh2 Be6 30. Re1 Bd5 31. Ng4 f5 32. Ne3 Bf7 33. Nf1 c4 34. bxc4 bxc4 35. f3 c3+ 36. Kc1 Nd6 37. Re3 Nb5 38. a4 Nd4 39.
Rh2 c2 40. Nd2 Rb8 41. Rd3 Nb3+ 42. Nxb3 Rxb3 43. Rxb3 Bxb3 44. a5 h5 45. f4 Kf6 46.
Re2 g5 47. fxg5+ Kxg5 48. Re3 Ba4 49. Rf3 h4 50. gxh4+ Kxh4 51. Rf4+ 1-0

[Event "Early-Titled-Tuesday-Blitz-September-12-2023"]
[Site "Chess.com"]
[Date "2023.09.12"]
[Round "7"]
[White "Diaschess88"]
[Black "Fandorine"]
[Result "1-0"]
[WhiteElo "2675"]
[BlackElo "2900"]
[TimeControl "180+1"]
[EndTime "9:17:53 PDT"]
[Termination "Diaschess88 won by resignation"]

1. e4 e5 2. Nf3 Nc6 3. Bb5 a6 4. Ba4 Nf6 5. O-O Be7 6. Re1 b5 7. Bb3 d6 8. c3 O-O 9. h3 Na5 10. Bc2 c5 11. d4 Nd7 12. Nbd2 exd4 13. cxd4 Nc6 14. d5 Nce5 15. a4 Rb8 16. Nxe5 Nxe5 17. f4 Ng6 18. Nf3 Bh4 19. Nxh4 Qxh4 20. Rf1 b4 21. Qf3 a5 22. Be3 Ba6 23. Rf2 b3 24.
Bd1 f5 25. exf5 Rxf5 26. Qe4 Rff8 27. Bg4 Kh8 28. Re1 Qd8 29. Bd2 Rb4 30. Bxb4 axb4 31. Bf5 c4 32. Bxg6 hxg6 33. Qd4 Qc7 34. f5 gxf5 35. Qh4+ Kg8 36. Re7 Qd8 37. Rfe2 c3 38.
Qg5 1-0

[Event "Early-Titled-Tuesday-Blitz-September-12-2023"]
[Site "Chess.com"]
[Date "2023.09.12"]
[Round "7"]
[White "C_K_G"]
[Black "Shuvalov"]
[Result "1/2-1/2"]
[WhiteElo "2003"]
[BlackElo "2424"]
[TimeControl "180+1"]
[EndTime "9:17:53 PDT"]
[Termination "Game drawn by repetition"]

1. e4 e6 2. Nf3 d5 3. Nc3 Nf6 4. e5 Nfd7 5. d4 c5 6. Bg5 Qb6 7. dxc5 Bxc5 8. Qd2 a6 9. Na4 Qc7 10.
Nxc5 Nxc5 11. Bd3 Nc6 12. O-O Nxe5 13. Nxe5 Qxe5 14. Bf4 Qf6 15. Bd6 Nxd3 16. cxd3 Qd8 17. Qb4 f6 18. Rac1 a5 19. Qa3 Ra6 20. Rc7 Rxd6 21.
Rxc8 Qxc8 22. Qxd6 Kf7 23. Qb6 a4 24. h4 Re8 25.
Qb5 Qc6 26. Qb4 e5 27. h5 d4 28. Re1 Rd8 29. Qa5 Rd5 30. Qa8 Rc5 31. h6 gxh6 32.
Qh8 Rc1 33. Qxh7+ Ke6 34. Qg8+ Ke7 35. Qg7+ Ke6 36. Qg8+ Ke7 37. Qg7+ Ke6 38. Qg8+ 1/2-1/2

[Event "Early-Titled-Tuesday-Blitz-September-12-2023"]
[Site "Chess.com"]
[Date "2023.09.12"]
[Round "7"]
[White "DKmirl"]
[Black "jcmesafischer"]
[Result "1-0"]
[WhiteElo "2271"]
[BlackElo "2375"]
[TimeControl "180+1"]
[EndTime "9:17:53 PDT"]
[Termination "DKmirl won by checkmate"]

1. d4 Nf6 2. Nf3 e6 3. g3 Be7 4. Bg2 O-O 5. O-O d5 6. c4 dxc4 7. Nbd2 b5 8. a4 c6 9. Qc2 Na6 10.
Ne5 Nb4 11. Qd1 Nfd5 12. e4 Nb6 13. a5 Na4 14. Ndxc4 f6 15. Ng4 bxc4 16. Qxa4 Ba6 17. Rd1 Bb5 18. Qa3 Nc2 19. Qc3 Nxa1 20. d5 e5 21. Bf1 Nb3 22. Be3 Qxa5 23. Qc2 cxd5 24. Rxd5 a6 25. Bxc4 Kh8 26. Bxb3 Rac8 27. Qd1 Rfd8 28.
Kg2 Qc7 29. h4 h5 30. Nh2 g6 31. Nf3 Rxd5 32. Qxd5 Bc6 33. Qf7 Rg8 34. Qxg8# 1-0

[Event "Early-Titled-Tuesday-Blitz-September-12-2023"]
[Site "Chess.com"]
[Date "2023.09.12"]
[Round "7"]
[White "LoaySameer"]
[Black "Mesa_1"]
[Result "1-0"]
[WhiteElo "2536"]
[BlackElo "2598"]
[TimeControl "180+1"]
[EndTime "9:17:56 PDT"]
[Termination "LoaySameer won on time"]

1. Nf3 Nf6 2. g3 g6 3. Bg2 Bg7 4. O-O O-O 5. d3 c5 6. e4 Nc6 7.
c3 d6 8. Re1 e5 9. a3 a5 10. a4 h6 11. Na3 Be6 12. Nb5 Re8 13. Nd2 d5 14. exd5 Bxd5 15. Bxd5 Nxd5 16. Nc4 Re6 17.
Ne3 Nde7 18. Nc4 Nd5 19. Qb3 Qd7 20. Be3 Bf8 21. Rad1 Rd8 22. Bc1 Kh7 23. Ne3 Nde7 24. Nc4 Nd5 25. Qc2 Bg7 26. Qe2 f6 27. Qf3 Nce7 28.
h4 b6 29. h5 g5 30. d4 exd4 31.
cxd4 f5 32. dxc5 Rxe1+ 33. Rxe1 bxc5 34. Ne5 Qe6 35. Nd3 Qb6 36. b3 Qc6 37. Ne5 Qe6 38. Nd3 Qc6 39. Ba3 Rd7 40. Nxc5 Rd8 41. Re6 Qc8 42.
Nd6 Qc6 43. Nxf5 1-0

[Event "Early-Titled-Tuesday-Blitz-September-12-2023"]
[Site "Chess.com"]
[Date "2023.09.12"]
[Round "7"]
[White "ploxoi"]
[Black "mjray79"]
[Result "1-0"]
[WhiteElo "2406"]
[BlackElo "2530"]
[TimeControl "180+1"]
[EndTime "9:17:56 PDT"]
[Termination "ploxoi won by resignation"]

1. d4 d5 2. c4 c6 3. Nf3 Nf6 4. e3 e6 5. b3 Nbd7 6. Bd3 Bd6 7.
O-O O-O 8. Bb2 b6 9. Nc3 Bb7 10.
e4 dxe4 11. Nxe4 Nxe4 12. Bxe4 Nf6 13. Bc2 c5 14. Qd3 Be4 15. Qc3 cxd4 16. Nxd4 Be5 17.
Rad1 Qc8 18. Bxe4 Nxe4 19. Qe3 Qb7 20. Rfe1 Bxd4 21. Bxd4 Nd6 22. g4 Rfd8 23. Bxg7 Kxg7 24. Rxd6 Qe7 25. Red1 Rxd6 26. Qe5+ Qf6 27. Qxd6 Rg8 28. Rd4 Kh8 29. Rf4 Qg7 30. h3 Re8 31. Qd7 Rf8 32. Qe7 f5 33. Qxe6 fxg4 34. Rxf8+ Qxf8 35.
hxg4 Qf4 36. Qe8+ Kg7 37. Qd7+ Kg8 38. Qd1 Kg7 39. Kg2 Kg6 40. Qd3+ Kg5 41. f3 Kf6 42. b4 Qc1 43. Qd4+ Kg6 44. Qd6+ Kg7 45. Qd4+ Kg6 46. Kg3 Qe1+ 47. Kf4 Qc1+ 48. Ke5 Kf7 49. Qf4+ 1-0

[Event "Early-Titled-Tuesday-Blitz-September-12-2023"]
[Site "Chess.com"]
[Date "2023.09.12"]
[Round "7"]
[White "NicolaiMaxime"]
[Black "Witik"]
[Result "1-0"]
[WhiteElo "2563"]
[BlackElo "2729"]
[TimeControl "180+1"]
[EndTime "9:17:57 PDT"]
[Termination "NicolaiMaxime won on time"]

1. e4 c6 2. d4 d5 3. exd5 cxd5 4. Nf3 Nc6 5. Bb5 Bg4 6. O-O e6 7. h3 Bh5 8. Bf4 Bd6 9. Bxc6+ bxc6 10. Bxd6 Qxd6 11.
Nbd2 Nf6 12. Nb3 Ne4 13. Qd3 O-O 14. Nfd2 Nf6 15. Nc5 Rfe8 16. c3 a5 17. Rfe1 a4 18. b4 Bg6 19. Qe3 Re7 20. a3 Ne8 21. c4 Nc7 22.
cxd5 cxd5 23. Rec1 Nb5 24. Nf3 f6 25. Nh4 Bf7 26. Nf3 e5 27. dxe5 fxe5 28. Re1 Rae8 29. Nxa4 Qf6 30. Nc5 e4 31. Nh2 d4 32. Qg3 Nc3 33.
Ng4 Qg6 34. Rac1 h5 35. Nh2 Qxg3 36. fxg3 Nd5 37. Nf1 d3 38. Rc4 Bg6 39. Rd4 Nb6 40. Nd2 Ra8 41. Ndxe4 Rxa3 42. Rd8+ 1-0

[Event "Early-Titled-Tuesday-Blitz-September-12-2023"]
[Site "Chess.com"]
[Date "2023.09.12"]
[Round "7"]
[White "Triumphmate"]
[Black "AndresDelgado77"]
[Result "1-0"]
[WhiteElo "2510"]
[BlackElo "2309"]
[TimeControl "180+1"]
[EndTime "9:17:57 PDT"]
[Termination "Triumphmate won on time"]

1. e4 e6 2. d4 d5 3. exd5 exd5 4. Bd3 Nc6 5. Nf3 Bg4 6. O-O Bxf3 7. Qxf3 Nxd4 8. Re1+ Ne6 9. c4 Bb4 10. Nc3 Ne7 11. cxd5 Nxd5 12. Rxe6+ fxe6 13. Qh5+ Kf8 14. Ne4 Nf6 15. Qf3 Qd5 16. Bg5 Be7 17. Rd1 Rd8 18. h4 h6 19. Bxf6 gxf6 20. Bc2 Qf5 21. Rxd8+ Bxd8 22. Qa3+ Be7 23. Qxa7 Rg8 24. Qb8+ Kg7 25. Qxc7 1-0

[Event "Early-Titled-Tuesday-Blitz-September-12-2023"]
[Site "Chess.com"]
[Date "2023.09.12"]
[Round "7"]
[White "Parhamov"]
[Black "dropstoneDP"]
[Result "1-0"]
[WhiteElo "3117"]
[BlackElo "3017"]
[TimeControl "180+1"]
[EndTime "9:17:58 PDT"]
[Termination "Parhamov won by resignation"]

1. c4 e6 2. Nc3 d5 3. d4 Nf6 4.
cxd5 Nxd5 5. e4 Nxc3 6. bxc3 c5 7. Rb1 Be7 8. Nf3 O-O 9. h4 b6 10. Rh3 Nd7 11. Bd3 cxd4 12. cxd4 e5 13. Rg3 Bxh4 14.
Nxh4 Qxh4 15. Rh3 Qe7 16. Rg3 Re8 17. d5 Nc5 18. Bh6 g6 19. Qf3 f5 20. d6 Qxd6 21.
Bc4+ Be6 22. Bxe6+ Nxe6 23. exf5 Nd4 24. Qe4 Qc6 25.
Qxc6 Nxc6 26. fxg6 Nd4 27. gxh7+ Kxh7 28. Be3 Rg8 29.
Rxg8 Rxg8 30. Bxd4 exd4 31. g3 Rg5 32. Rb4 Rd5 33. Kd2 Rf5 34. f4 Rh5 35. Rxd4 Rh2+ 36.
Ke3 Rxa2 37. g4 b5 38. f5 Ra3+ 39. Ke4 Ra4 40. Rxa4 1-0

[Event "Early-Titled-Tuesday-Blitz-September-12-2023"]
[Site "Chess.com"]
[Date "2023.09.12"]
[Round "7"]
[White "JimDiGrease"]
[Black "vi_pranav"]
[Result "0-1"]
[WhiteElo "2858"]
[BlackElo "2989"]
[TimeControl "180+1"]
[EndTime "9:17:59 PDT"]
[Termination "vi_pranav won by checkmate"]

1. d4 Nf6 2. c4 e6 3. Bf4 Bb4+ 4. Nd2 Nh5 5. Be3 f5 6. g3 O-O 7. Bg2 f4 8. gxf4 Nxf4 9. Bxf4 Rxf4 10. e3 Rf8 11. a3 Qg5 12. Bf3 Be7 13. Ne4 Qh4 14.
Ng3 c6 15. Bg2 d5 16. Nf3 Qh6 17. O-O Nd7 18. Rc1 Bd6 19. Qe2 a5 20. Nd2 Nf6 21. f4 b6 22. a4 Ba6 23. b3 Rae8 24. Nf3 Ng4 25. Bh1 c5 26. Ng5 Nf6 27. Qd2 cxd4 28. exd4 Ng4 29. Rf3 Bxf4 30. Rxf4 Rxf4 31. Qxf4 Qxh2+ 32. Kf1 Rf8 33. Nxe6 Rxf4+ 34. Nxf4 Qf2# 0-1

[Event "Early-Titled-Tuesday-Blitz-September-12-2023"]
[Site "Chess.com"]
[Date "2023.09.12"]
[Round "7"]
[White "turayev_shahruh17"]
[Black "bescmelasti"]
[Result "1-0"]
[WhiteElo "2819"]
[BlackElo "2620"]
[TimeControl "180+1"]
[EndTime "9:17:59 PDT"]
[Termination "turayev_shahruh17 won on time"]

1. e4 e5 2. Nc3 Nf6 3. Bc4 Nc6 4. d3 Na5 5. Qf3 Nxc4 6. dxc4 Bc5 7. Bg5 c6 8. Nge2 d6 9. O-O-O h6 10. Bxf6 Qxf6 11.
Qxf6 gxf6 12. f3 Be6 13. b3 Ke7 14. Kb2 h5 15. Rd3 a6 16. Na4 Ba7 17. Rhd1 Rad8 18. c5 dxc5 19. Rxd8 Rxd8 20. Rxd8 Kxd8 21. Kc3 b5 22.
Nb2 h4 23. g3 hxg3 24. Nxg3 Ke7 25. Nf5+ Bxf5 26. exf5 Kf8 27. Kd3 Kg7 28. c4 Kh6 29.
Nd1 Kg5 30. Ke4 Kh4 31. Nf2 Bb6 32. Nd3 Kh3 33. Nf2+ Kh4 34. Ng4 Bd8 35. Nh6 Be7 36.
a4 b4 37. Nxf7 Kh3 38. Nxe5 fxe5 39. Kxe5 Kxh2 40. Ke6 Bf8 41. Kd7 Kg3 42. Kxc6 Kxf3 43.
Kb6 Ke4 44. Kxa6 Kxf5 45. a5 1-0

[Event "Early-Titled-Tuesday-Blitz-September-12-2023"]
[Site "Chess.com"]
[Date "2023.09.12"]
[Round "7"]
[White "Aygehovit1992"]
[Black "TatjanaVasilevich"]
[Result "1-0"]
[WhiteElo "2723"]
[BlackElo "2547"]
[TimeControl "180+1"]
[EndTime "9:18:00 PDT"]
[Termination "Aygehovit1992 won by checkmate"]

1. e4 c5 2. Nc3 e6 3. g3 Nc6 4. Bg2 g6 5. d3 Bg7 6. h4 h5 7. Nh3 Rb8 8. Bg5 Nge7 9. Qd2 b5 10. O-O d6 11. Rae1 Nd4 12. Nd1 b4 13. c3 bxc3 14. bxc3 Ndc6 15. e5 d5 16. c4 Qd7 17. cxd5 Nxd5 18. Nf4 Nxf4 19. Qxf4 Nd4 20. Ne3 Bb7 21. Bf6 O-O 22. g4 Bxg2 23. Kxg2 Qc6+ 24. Kg3 Rb2 25.
gxh5 Ne2+ 26. Rxe2 Rxe2 27. h6 Bh8 28. Bxh8 f5 29. Bg7 Rf7 30. Rb1 Rb7 31. Rxb7 Qxb7 32. Qg5 Kf7 33. Qf6+ Ke8 34. Qxe6+ Kd8 35. Bf6+ Kc7 36.
Nd5+ Kb8 37. Qd6+ Ka8 38. Qd8+ Qb8 39. Qxb8+ Kxb8 40. h7 Kb7 41. h8=Q Rd2 42. Nf4 Rxa2 43. Qg7+ Ka6 44. Qxg6 Rb2 45. e6 Kb5 46. Bxb2 a5 47. e7 Kb4 48. e8=Q Kb3 49. Qb5+ Kc2 50. Qxf5 a4 51. Qfxc5+ Kd1 52. Qc1# 1-0

[Event "Early-Titled-Tuesday-Blitz-September-12-2023"]
[Site "Chess.com"]
[Date "2023.09.12"]
[Round "7"]
[White "AndreiITrifan"]
[Black "Cayse"]
[Result "0-1"]
[WhiteElo "2626"]
[BlackElo "2856"]
[TimeControl "180+1"]
[EndTime "9:18:01 PDT"]
[Termination "Cayse won by checkmate"]

1. Nf3 d5 2. e3 Nf6 3. c4 e6 4.
b3 Be7 5. Bb2 O-O 6. Nc3 c5 7.
cxd5 Nxd5 8. Qc2 Nc6 9. a3 Kh8 10. h4 h6 11. Ne4 b6 12. Bb5 Na5 13. Ne5 Kg8 14. O-O-O f5 15. Nc3 Bf6 16. f4 Bxe5 17.
fxe5 Bb7 18. Rhg1 Rc8 19. g4 Nb4 20. axb4 cxb4 21. gxf5 Rxf5 22. Rg4 bxc3 23. dxc3 Qf8 24. Rdg1 Rc7 25. Bd3 Rf2 26. Bh7+ Kh8 27. Qg6 Nxb3+ 28.
Kb1 Nd2+ 29. Kc1 Rf1+ 30. Rxf1 Qxf1+ 31. Kxd2 Qf2+ 32. Kc1 Qxe3+ 33. Kb1 Qe1+ 34. Ka2 Bd5+ 35. Ka3 Rxc3+ 36. Ka4 Qd1+ 37. Kb5 Qe2+ 38. Ka4 Qa6+ 39.
Kb4 Qa5# 0-1

[Event "Early-Titled-Tuesday-Blitz-September-12-2023"]
[Site "Chess.com"]
[Date "2023.09.12"]
[Round "7"]
[White "Arteler"]
[Black "DonJuanEGenaro"]
[Result "1-0"]
[WhiteElo "2429"]
[BlackElo "1979"]
[TimeControl "180+1"]
[EndTime "9:18:01 PDT"]
[Termination "Arteler won on time"]

1. e4 c5 2. Nf3 Nc6 3. c3 e5 4. d4 cxd4 5. cxd4 exd4 6. Nxd4 Nf6 7. Nc3 Bc5 8. Be3 Bb4 9. Bd3 O-O 10. O-O d6 11. Qb3 a5 12. Rfd1 Ng4 13. Nxc6 bxc6 14. Bf4 Be6 15. Qc2 d5 16. exd5 cxd5 17. Bxh7+ Kh8 18.
Bf5 Qb6 19. Bg3 Rac8 20. Bxe6 fxe6 21. Qe2 Nf6 22. Be5 Rc4 23. Rd3 Bxc3 24. Bxc3 Re4 25. Qd2 Ng4 26. Rf1 Ref4 27. Bd4 Qc7 28. Rh3+ Kg8 29. Rg3 e5 30. Bc3 d4 31. Bxa5 Qc4 32.
b3 1-0

[Event "Early-Titled-Tuesday-Blitz-September-12-2023"]
[Site "Chess.com"]
[Date "2023.09.12"]
[Round "7"]
[White "Fh2411"]
[Black "LuisFSiles"]
[Result "1-0"]
[WhiteElo "2596"]
[BlackElo "2381"]
[TimeControl "180+1"]
[EndTime "9:18:02 PDT"]
[Termination "Fh2411 won on time"]

1. d4 Nf6 2. Nf3 g6 3. g3 Bg7 4. Bg2 O-O 5. O-O d6 6. b3 c6 7. Bb2 Qa5 8. Nbd2 Qh5 9. e4 Bh3 10. Nh4 Qxd1 11. Raxd1 Bxg2 12. Kxg2 e6 13. e5 dxe5 14.
dxe5 Ng4 15. Nc4 b5 16. h3 Nxf2 17. Rxf2 bxc4 18. b4 Na6 19. a3 Rfd8 20. Rfd2 Rd5 21. Nf3 Rad8 22. Kf2 Bh6 23. Rd4 c5 24. Rxd5 Rxd5 25.
Rxd5 exd5 26. b5 Nc7 27. a4 d4 28. Ke2 Bg7 29. Ba3 Bf8 30. Nd2 c3 31. Nc4 Nd5 32. a5 Nc7 33. b6 axb6 34. axb6 Na6 35.
Kd3 f5 36. exf6 Kf7 37. Ke4 Kxf6 38. Kd5 Kf5 39. Ne5 Bg7 40. Nd3 h5 41. Bxc5 g5 42. Bd6 g4 43. h4 1-0

[Event "Early-Titled-Tuesday-Blitz-September-12-2023"]
[Site "Chess.com"]
[Date "2023.09.12"]
[Round "7"]
[White "Iball95"]
[Black "Andrei_Belozerov"]
[Result "1/2-1/2"]
[WhiteElo "2778"]
[BlackElo "2604"]
[TimeControl "180+1"]
[EndTime "9:18:03 PDT"]
[Termination "Game drawn by repetition"]

1. e4 c5 2. Nf3 d6 3. Nc3 Nf6 4.
d4 cxd4 5. Qxd4 Nc6 6. Bb5 Bd7 7. Bxc6 Bxc6 8. Bg5 e6 9. O-O-O Be7 10. Rhe1 O-O 11. e5 dxe5 12. Nxe5 Qc7 13. Qc4 Rfc8 14. Nxc6 Qxc6 15.
Qxc6 Rxc6 16. Ne4 Rac8 17. Re2 Nd5 18. Bxe7 Nxe7 19. Rd7 R6c7 20. Red2 Nd5 21. Rxc7 Rxc7 22. Nc3 Rd7 23. Nxd5 Rxd5 24. Rxd5 exd5 25. Kd2 Kf8 26. Ke3 Ke7 27. Kd4 Kd6 28. a4 b6 29. b4 g5 30.
f3 h5 31. g3 g4 32. f4 f5 33. a5 Ke6 34. axb6 axb6 35. c4 dxc4 36. Kxc4 Kd6 37.
Kb5 Kc7 38. Kc4 Kc6 39. b5+ Kd6 40. Kd4 Ke6 41. Kc4 Kd6 42. Kd4 Ke6 43. Kc4 Kd6 1/2-1/2

[Event "Early-Titled-Tuesday-Blitz-September-12-2023"]
[Site "Chess.com"]
[Date "2023.09.12"]
[Round "7"]
[White "Artemiki"]
[Black "Mr_Lion22"]
[Result "0-1"]
[WhiteElo "2159"]
[BlackElo "2431"]
[TimeControl "180+1"]
[EndTime "9:18:03 PDT"]
[Termination "Mr_Lion22 won by checkmate"]

1. e4 c5 2. Nf3 d6 3. d4 cxd4 4. Nxd4 Nf6 5. Nc3 a6 6. Be3 e5 7. Nf3 Qc7 8. a4 Be7 9. Nd2 O-O 10. Bc4 Be6 11. Qe2 Nbd7 12. O-O Rac8 13. Bb3 Nc5 14. Bxc5 Qxc5 15. Rfd1 Rfd8 16. Nf1 Bg4 17. Qd2 Bxd1 18. Rxd1 b5 19. axb5 axb5 20. Ne3 b4 21. Ncd5 Rd7 22.
Nxe7+ Rxe7 23. Nf5 Rec7 24. Re1 h6 25. h3 Kh7 26. Kh2 Rd8 27. Re3 d5 28. exd5 Nxd5 29.
Rd3 Rcd7 30. Qe2 Nf4 31. Qg4 g6 32. Rxd7 Rxd7 33. Nxh6 Kxh6 34. Qxd7 Qxf2 35. Qg4 Ne2 36.
Bd5 Qg1# 0-1

[Event "Early-Titled-Tuesday-Blitz-September-12-2023"]
[Site "Chess.com"]
[Date "2023.09.12"]
[Round "7"]
[White "F-Ghaith2021"]
[Black "ShahMatKanal"]
[Result "0-1"]
[WhiteElo "2282"]
[BlackElo "2504"]
[TimeControl "180+1"]
[EndTime "9:18:04 PDT"]
[Termination "ShahMatKanal won by resignation"]

1. e4 c5 2. Nf3 g6 3. d4 cxd4 4.
Nxd4 Bg7 5. Nc3 Nc6 6. Be3 Nf6 7. Be2 O-O 8. O-O d5 9. Nxc6 bxc6 10. Kh1 Nxe4 11. Nxe4 dxe4 12. Qc1 Qa5 13. c3 Ba6 14. b4 Qa4 15. Bxa6 Qxa6 16. Bc5 Rfd8 17. Qe3 Qc4 18.
Rfd1 Qxc3 19. Qxe4 a5 20. Rac1 Rxd1+ 21. Rxd1 axb4 22.
Bxb4 Qe5 23. Qxe5 Bxe5 24. Bxe7 Rxa2 25. Bc5 Ra1 26. Rxa1 Bxa1 27. Kg1 f5 28. Kf1 Kf7 29. Ke2 Ke6 30. Kd3 Kd5 31. Bf8 Bd4 32. f3 c5 33.
Kc2 Kc4 34. Bh6 Be5 35. h3 Kd4 36. Bc1 Bd6 37. Bd2 c4 38. Bc1 c3 39. Bg5 Be5 40.
Bc1 f4 41. Ba3 Ke3 42. Bc5+ Ke2 43. Bd6 Bxd6 0-1

[Event "Early-Titled-Tuesday-Blitz-September-12-2023"]
[Site "Chess.com"]
[Date "2023.09.12"]
[Round "7"]
[White "VSanduleac"]
[Black "AradNazari"]
[Result "0-1"]
[WhiteElo "2542"]
[BlackElo "2738"]
[TimeControl "180+1"]
[EndTime "9:18:05 PDT"]
[Termination "AradNazari won by resignation"]

1. e4 e6 2. Qe2 Nc6 3. Nf3 Bc5 4. c3 e5 5. b4 Bd6 6. d3 Nf6 7.
Nbd2 O-O 8. Nc4 b5 9. Nxd6 cxd6 10. a4 bxa4 11. Rxa4 Qb6 12. Be3 Qb5 13. Qa2 d5 14. d4 Qb8 15. exd5 exd4 16. Nxd4 Nxd4 17. Bxd4 Qf4 18. Qd2 Qe4+ 19. Be2 Qxg2 20. Rf1 Nxd5 21. Qd3 Re8 22. Kd1 Nf4 23. Qf3 Qg6 24. Qxf4 Qb1+ 25.
Qc1 Qxc1+ 26. Kxc1 Rxe2 27. Rxa7 Rxa7 28. Bxa7 Ba6 29.
Rg1 f6 30. Bd4 Bc4 31. Rg3 Kf7 32. h3 d5 33. Be3 Ra2 34. Kb1 Re2 35. Rg4 h5 36.
Rd4 g5 37. h4 g4 38. Rf4 g3 39.
Bd4 g2 40. f3 Re1+ 41. Kc2 g1=Q 42. Rxf6+ Ke7 43. Bxg1 Kxf6 44. Bd4+ Kf5 0-1

[Event "Early-Titled-Tuesday-Blitz-September-12-2023"]
[Site "Chess.com"]
[Date "2023.09.12"]
[Round "7"]
[White "Fleetw00dMac"]
[Black "Roman_Ovetchkin"]
[Result "0-1"]
[WhiteElo "2472"]
[BlackElo "2646"]
[TimeControl "180+1"]
[EndTime "9:18:05 PDT"]
[Termination "Roman_Ovetchkin won by resignation"]

1. d4 Nf6 2. c4 c5 3. d5 b5 4.
cxb5 a6 5. b6 g6 6. Nc3 Bg7 7. e4 d6 8. a4 Qxb6 9. a5 Qd8 10. Be2 O-O 11. Nf3 Nbd7 12. O-O Ne8 13. Nd2 Nc7 14. Nc4 Nb5 15. Na4 Ra7 16. Bd2 Ne5 17.
Ncb6 Nd4 18. b4 cxb4 19. Bxb4 Rc7 20. Bc3 Nxe2+ 21. Qxe2 Bh6 22. Rfd1 Qe8 23. Rab1 Bg4 24. f3 Bd7 25. Bxe5 Bxa4 26. Nxa4 Qxa4 27. Bd4 Rc2 28. Qf1 Rfc8 29. Ra1 Qxd4+ 30. Rxd4 Be3+ 31. Kh1 Bxd4 32. Rd1 R8c4 33. g3 h5 34. Qd3 R2c3 35. Qe2 Rb4 36. Rd2 Rbc4 37. Kg2 Kg7 38. Kh3 g5 39.
Ra2 Rb4 40. Rc2 Rxf3 41. Qxf3 g4+ 0-1

[Event "Early-Titled-Tuesday-Blitz-September-12-2023"]
[Site "Chess.com"]
[Date "2023.09.12"]
[Round "7"]
[White "FoxOnTheRun97"]
[Black "kingofthenil"]
[Result "0-1"]
[WhiteElo "2566"]
[BlackElo "2755"]
[TimeControl "180+1"]
[EndTime "9:18:07 PDT"]
[Termination "kingofthenil won on time"]

1. d4 Nc6 2. g3 e5 3. d5 Nce7 4. e4 f5 5. f4 fxe4 6. fxe5 Ng6 7. Qd4 Qe7 8. Bf4 Nxf4 9. gxf4 g5 10. Qxe4 gxf4 11. Nf3 Nf6 12. Qd4 Ng4 13. Qxf4 h5 14. Nc3 Bg7 15. Bd3 Nxe5 16. Nxe5 Bxe5 17. Qe4 d6 18.
O-O-O Bg4 19. Rde1 O-O-O 20. Qc4 Kb8 21. Kb1 Rdf8 22.
h3 Bd7 23. a4 Rhg8 24. a5 a6 25. Qb4 Ka7 26. Re4 Qg5 27. Rhe1 Rf4 28. Rxf4 Qxf4 29. Re4 Qf2 30. Rc4 Rc8 31. Qb3 Bxh3 32. Rb4 Rb8 33.
Qc4 Qg1+ 34. Ka2 Qc5 35. Qh4 Bg4 0-1

[Event "Early-Titled-Tuesday-Blitz-September-12-2023"]
[Site "Chess.com"]
[Date "2023.09.12"]
[Round "7"]
[White "hongnhung1234"]
[Black "jk13"]
[Result "1-0"]
[WhiteElo "2514"]
[BlackElo "2672"]
[TimeControl "180+1"]
[EndTime "9:18:08 PDT"]
[Termination "hongnhung1234 won on time"]

1. e4 e5 2. Nf3 Nc6 3. d4 exd4 4. Nxd4 Bb4+ 5. Nc3 Nf6 6. Nxc6 bxc6 7. Bd3 O-O 8.
O-O d5 9. exd5 cxd5 10. h3 h6 11. Qf3 Be6 12. Ne2 Rb8 13. b3 Bd6 14. Bb2 c5 15.
Rad1 Nd7 16. Ng3 Qg5 17. Nf5 Ne5 18. Bxe5 Bxe5 19. Rfe1 Bc3 20. h4 Qf6 21. Re3 c4 22. bxc4 dxc4 23. Bxc4 Bxc4 24. Rxc3 Be2 25. Nxh6+ Qxh6 26. Qxe2 Qxh4 27. Rh3 Qg5 28. Qe4 g6 29. Rd5 Qf6 30.
Rf3 Rb1+ 31. Kh2 Qa1 32. Rg5 Rh1+ 33. Kg3 Qg7 34. Rf4 Qh6 35. Rfg4 Kh7 36. Qe7 Kg8 37. Qf6 Kh7 38. Qe7 Kg8 39. Qxa7 Qh2+ 40. Kf3 Qh6 41. Qe7 1-0

[Event "Early-Titled-Tuesday-Blitz-September-12-2023"]
[Site "Chess.com"]
[Date "2023.09.12"]
[Round "7"]
[White "MasterKroket"]
[Black "ural58"]
[Result "1-0"]
[WhiteElo "2429"]
[BlackElo "2550"]
[TimeControl "180+1"]
[EndTime "9:18:09 PDT"]
[Termination "MasterKroket won by resignation"]

1. e4 d5 2. exd5 Qxd5 3. Nc3 Qd6 4. d4 c6 5. Nf3 Bf5 6. Ne5 Nd7 7.
Nc4 Qc7 8. g3 e5 9. dxe5 O-O-O 10. Nd6+ Bxd6 11. exd6 Qa5 12. Be3 Be4 13. f3 Bf5 14.
Bd3 Bh3 15. Kf2 Ngf6 16. a3 Rhe8 17. Re1 Qh5 18. Kg1 Kb8 19. Ne4 Nd5 20. Bd4 f5 21.
Nd2 Rxe1+ 22. Qxe1 f4 23. g4 Bxg4 24. fxg4 Qxg4+ 25. Kh1 f3 26. Qg1 Qf4 27. Bxa7+ Ka8 28. Ne4 b6 29. Bxb6 N7xb6 30. Qg3 Qxg3 31. hxg3 Nc8 32. Rf1 Nxd6 33. Nxd6 Rxd6 34. Rxf3 g5 35. Rf8+ Kb7 36. Rf7+ Kb6 37. Rxh7 c5 38. Be4 Ne3 39. Rb7+ Ka6 40. b4 cxb4 41. axb4 Rd2 42. b5+ Ka5 43.
b6 Ng4 44. Bf3 Nf2+ 45. Kg1 g4 46. Bg2 Nd1 47. Rb8 Rxc2 48. b7 Ne3 49. Ra8+ 1-0

[Event "Early-Titled-Tuesday-Blitz-September-12-2023"]
[Site "Chess.com"]
[Date "2023.09.12"]
[Round "7"]
[White "LeoLV10"]
[Black "vedantgoswami"]
[Result "1-0"]
[WhiteElo "2488"]
[BlackElo "2322"]
[TimeControl "180+1"]
[EndTime "9:18:10 PDT"]
[Termination "LeoLV10 won by resignation"]

1. e4 e5 2. Nf3 Nc6 3. Bb5 a6 4. Ba4 g6 5. O-O Bg7 6. c3 Nge7 7. d4 O-O 8. d5 Nb8 9. Re1 d6 10. c4 c5 11. Nc3 h6 12. Bc2 f5 13. Nd2 Nd7 14. Nf1 Nf6 15. Rb1 Nh5 16. b4 b6 17.
Bd2 Nf4 18. bxc5 bxc5 19. Na4 fxe4 20. Ng3 Nf5 21. Bxe4 Qh4 22. Nc3 Nd4 23. Rb6 Bg4 24. Qb1 Qf6 25. Be3 g5 26. Na4 h5 27. f3 Bh3 28.
gxh3 Nxh3+ 29. Kg2 Nxf3 30. Rf1 g4 31. Bxf3 gxf3+ 32. Kh1 f2 33. Qe4 Qf3+ 34. Qxf3 Rxf3 35. Kg2 Rxe3 36. Kxh3 Rf8 37. Kg2 h4 38. Nh1 Re2 39.
Rxf2 Rfxf2+ 40. Nxf2 h3+ 41. Kf3 Rb2 42. Rxb2 1-0